 Dungeon Crawl Stone Soup version 0.28-a0-612-gcfc00ec14d (webtiles) character file.

Game seed: 6444065647035516254

198 siradein the Ruffian (level 5, 0/34 (42) HPs)
             Began as a Draconian Transmuter on Oct 6, 2021.
             Slain by a necrophage (6 damage)
             ... on level 3 of the Dungeon.
             The game lasted 00:08:15 (3644 turns).

siradein the Ruffian (Draconian Transmuter)         Turns: 3644, Time: 00:08:16

HP:   0/34 (42)     AC:  6    Str: 12    XL:     5   Next: 47%
MP:   7/9           EV: 12    Int: 15    God:
Gold: 95            SH:  0    Dex: 11    Spells: 3/9 levels left

rFire   . . .      SeeInvis .     - Unarmed
rCold   . . .      Faith    .   (no shield)
rNeg    . . .      Spirit   .   (armour unavailable)
rPois   .          Reflect  .   (helmet restricted)
rElec   .          Harm     .   (no cloak)
rCorr   .          Rampage  .   (no gloves)
Will    .....      Clarity  +   (no boots)
Stlth   +.........              (no amulet)
HPRegen 0.11/turn               (no ring)
MPRegen 0.11/turn               (no ring)

@: heavily drained
A: AC +5, unfitting armour, cold-blooded, clarity, shaggy fur 1, evolution 1
a: no special abilities


You were on level 3 of the Dungeon.
You visited 1 branch of the dungeon, and saw 3 of its levels.
You also visited: Sewer.

You collected 95 gold pieces.

Inventory:

Missiles
 a - 10 poisoned darts
 k - 6 atropa-tipped darts
Scrolls
 b - a scroll of enchant weapon
 d - a scroll of fear
 e - a scroll of immolation
 f - 2 scrolls of identify
 h - a scroll of amnesia
 l - a scroll of silence {unknown}
Potions
 c - a potion of might
 g - 3 potions of haste
 i - a potion of heal wounds
 j - a potion of mutation


   Skills:
 + Level 2.5 Fighting
 + Level 2.7 Dodging
 + Level 3.7 Unarmed Combat
 + Level 2.8 Spellcasting
 + Level 3.0 Transmutations
 + Level 1.4 Poison Magic


You had 3 spell levels left.
You knew the following spells:

 Your Spells              Type           Power      Damage    Failure   Level
a - Beastly Appendage     Tmut           22%        N/A       6%          1
b - Wereblood             Tmut           11%        N/A       9%          2
c - Spider Form           Tmut/Pois      4%         N/A       24%         3

Your spell library contained the following spells:

 Spells                   Type           Power      Damage    Failure   Level
 Animate Skeleton         Necr           4%         N/A       21%         1
 Magic Dart               Conj           8%         1d3       21%         1
 Pain                     Necr           8%         1d4       21%         1
 Searing Ray              Conj           4%         2d4       30%         2
 Vampiric Draining        Necr           1%         2d6       52%         3
 Ice Form                 Ice/Tmut       6%         N/A       73%         4
 Fulminant Prism          Conj/Hex       1%         3d6       90%         4


Dungeon Overview and Level Annotations

Branches:
Dungeon (3/15)              Sewer (visited)

Altars:

Shops:
D:1 *


Innate Abilities, Weirdness & Mutations

Your plain brown scales are hard. (AC +5)
You cannot fit into any form of body armour.
You are cold-blooded and may be slowed by cold attacks.
You possess an exceptional clarity of mind.
You are covered in fur. (AC +1)
You have hidden genetic potential.


Message History

The kobold shouts!
You hit the necrophage but do no damage.
The necrophage is almost destroyed.
The necrophage barely misses you. The goblin hits you but does no damage.
You hit the necrophage but do no damage.
The necrophage is almost destroyed.
Your transformation has ended.
The necrophage hits you but does no damage.
The goblin hits you but does no damage.
Casting: Beastly Appendage (safe; 6% risk of failure)
Press: ? - help, Q - select action, (/) - cycle Dir - look around, f - activate You grow a pair of large bovine horns.
Your feet morph into talons.
The necrophage hits you.
You feel drained.
* * * LOW HITPOINT WARNING * * *
Casting: Beastly Appendage (safe; 6% risk of failure)
Confirm with . or Enter, or press ? or * to list all spells.
Your blood is infused with primal strength.
The necrophage barely misses you.
You hit the necrophage but do no damage.
Your headbutt misses the necrophage.
The necrophage is almost destroyed.
The necrophage closely misses you.
You barely miss the necrophage.
The necrophage is almost destroyed.
The necrophage hits you but does no damage.
You barely miss the necrophage. Your kick misses the necrophage.
The necrophage is almost destroyed.
The necrophage hits you.
* * * LOW HITPOINT WARNING * * *
You feel drained.
* * * LOW HITPOINT WARNING * * *
An endoplasm comes into view.
Your transformation is almost over.
Found a stone staircase leading up.
Your primal bloodlust is almost over.
Your horns disappear.
Your talons disappear.
The endoplasm quivers.
Your primal bloodlust has ended.
The necrophage hits you.
You die...

#.##.......#
#.##.......###
######..........'.
#......##.......###..
#......##.......'.'
##......##.......#
.#......##..K...<#
#......#......gnJ#
#......###.#####@#
...K...+...# #.#
#......##### #.# ..
......## #.# #..
#..##.# #.# #.#
#..##.# #.# #.#
#.....#...# #.# #.#
....... #..##.#...#
###.###.## # .......
#.....+...#
##....)...#.# .......


You could see a necrophage, an endoplasm, a goblin and a kobold.

Vanquished Creatures
  A kobold brigand (Sewer)
  4 adders
  A river rat (D:3)
  2 worms (D:2)
  3 dart slugs
  An orc (D:3)
  7 ball pythons
  4 endoplasms
  4 giant cockroaches
  7 goblins
  4 hobgoblins (D:2)
  3 quokkas
  9 bats
  A frilled lizard (Sewer)
  14 kobolds
  8 rats
73 creatures vanquished.

Vanquished Creatures (others)
  7 plants
7 creatures vanquished.

Grand Total: 80 creatures vanquished

Notes
Turn   | Place    | Note
-------+----------+-------------------------------------------
     0 | D:1      | siradein the Draconian Transmuter began the quest for the
                  | Orb.
     0 | D:1      | Reached XP level 1. HP: 16/16 MP: 3/3
   226 | D:1      | Found Joatulith's General Store.
   259 | D:1      | Found a faded altar of an unknown god.
   266 | D:1      | Reached XP level 2. HP: 23/23 MP: 3/5
   269 | D:1      | Learned a level 2 spell: Wereblood
  1452 | D:2      | Reached XP level 3. HP: 29/29 MP: 4/6
  1456 | D:2      | Learned a level 3 spell: Spider Form
  2498 | D:3      | Found a glowing drain.
  2510 | D:3      | Reached XP level 4. HP: 25/36 MP: 3/7
  2561 | Sewer    | Entered a sewer
  2780 | Sewer    | Reached skill level 1 in Poison Magic
  2921 | Sewer    | Noticed a kobold brigand
  2971 | Sewer    | Killed a kobold brigand
  2972 | Sewer    | Reached XP level 5. HP: 16/42 MP: 5/9
  3412 | D:3      | Gained mutation: You have hidden genetic potential. [potion
                  | of mutation]
  3412 | D:3      | Gained mutation: You are covered in fur. (AC +1) [potion of
                  | mutation]
  3412 | D:3      | Gained mutation: You possess an exceptional clarity of
                  | mind. [potion of mutation]
  3598 | D:3      | Noticed a necrophage
  3644 | D:3      | Slain by a necrophage

Illustrated notes

Levels and vault maps discovered:
D:1:      psy_arrival_heroes, layout_loops_corners, serial_shops,
          nicolae_shop_waterfront, ebering_ecumenical_altar_sacrificial,
          nrook_loot_triangle
D:2:      layout_basic, serial_forest, infiniplex_forest_lined_2,
          infiniplex_forest_clump_double, infiniplex_forest_lined_corner,
          infiniplex_forest_lined_room_3, infiniplex_forest_lined_room_2,
          infiniplex_forest_corner_1, infiniplex_forest_clump_long,
          serial_bayou_ford_a, serial_bayou_pond_e
D:3:      layout_basic, lemuel_coloured_pillars_altar, portal_sewer_entry_b,
          kennysheep_generic_room_15

Skill      XL: |  1  2  3  4  5 |
---------------+----------------+-----
Dodging        | 2 |  2.7
Fighting       | 2 |  2.5
Poison Magic   | 1 |  1.4
Transmutations | 3 |  3.0
Unarmed Combat | |  3.7
Spellcasting   | |  2.8

Action                   |  1- 3 |  4- 6 || total
-------------------------+-------+-------++-------
Melee: Unarmed           |   122 |   100 ||   222
       Kick              |    21 |     9 ||    30
       Headbutt          |     8 |     5 ||    13
       Tailslap          |    11 |     6 ||    17
       Punch             |     1 |     1 ||     2
 Cast: Beastly Appendage |    27 |    14 ||    41
       Wereblood         |     2 |    12 ||    14
       Spider Form       |       |     2 ||     2
  Use: Scroll            |     3 |     5 ||     8
       Potion            |       |     4 ||     4
 Stab: Sleeping          |     1 |       ||     1
Armor: Skin              |    38 |    29 ||    67
Dodge: Dodged            |    70 |    85 ||   155

Table legend: (Time is in decaauts)
 A = Elapsed time spent in this place.
 B = Non-inter-level travel time spent in this place.
 C = Inter-level travel time spent in this place.
 D = Time resting spent in this place.
 E = Time spent auto-exploring this place.
 F = Levels seen in this place.
 G = Mean time per level.
                   A        B        C        D        E       F      G
               +--------+--------+--------+--------+--------+-----+--------+
         Total |   3685 |   3633 |     52 |     50 |   2948 |   4 |  921.2 |
       Dungeon |   2899 |   2847 |     52 |     20 |   2348 |   3 |  966.3 |
         Sewer |    786 |    786 |      0 |     30 |    599 |   1 |  786.0 |
               +--------+--------+--------+--------+--------+-----+--------+

Top non-repeatable levels by time:
     D:2: 1322 daAuts
     D:1: 1151 daAuts
   Sewer: 786 daAuts
     D:3: 425 daAuts
